 Dungeon Crawl Stone Soup version 0.26-a0-451-gacbe401039 (webtiles) character file.

Game seed: 15181950891384623871

40037 MrRokkomies the Spear-Bearer (level 13, -1/113 HPs)
             Began as a Palentonga Delver on July 28, 2020.
             Was an Elder of Yredelemnul.
             Slain by a dire elephant (36 damage)
             ... on level 6 of the Lair of Beasts.
             The game lasted 00:42:40 (17133 turns).

MrRokkomies the Spear-Bearer (Palentonga Delver)   Turns: 17133, Time: 00:42:40

Health: -1/113     AC:  9    Str: 30    XL:     13   Next: 72%
Magic:  17/20      EV: 13    Int: 14    God:    Yredelemnul [****..]
Gold:   984        SH:  0    Dex: 11    Spells: 12/12 levels left

rFire    . . .     SeeInvis +   a - +1 halberd of the Scavenger {speed, +Blink rN+ Str+6}
rCold    + . .     Faith    .   (shield currently unavailable)
rNeg     + . .     Spirit   .   w - +2 ring mail {rC+}
rPois    +         Reflect  .   E - +0 helmet
rElec    .         Harm     .   (no cloak)
rCorr    .                      l - +0 pair of gloves
MR       .....                  (boots restricted)
Stlth    ++........             m - amulet of regeneration
HPRegen  0.68/turn              M - +6 ring of strength
MPRegen  0.17/turn              t - ring of poison resistance

@: injury mirror, recalling
A: large, rugged brown scales 3, see invisible, deformed body, roll, armoured
tail
a: Rolling Charge, Stop Recall, Injury Mirror, Animate Dead, Drain Life,
Renounce Religion, Evoke Blink


You were on level 6 of the Lair of Beasts.
You worshipped Yredelemnul.
Yredelemnul was greatly pleased with you.
You visited 2 branches of the dungeon, and saw 16 of its levels.

You collected 984 gold pieces.

Inventory:

Hand Weapons
 a - the +1 halberd of the Scavenger (weapon) {speed, +Blink rN+ Str+6}
   (You found it on level 6 of the Dungeon)

   Attacks with this weapon are significantly faster.
   It affects your strength (+6).
   It protects you from negative energy.
   It lets you blink.
 G - the +6 spear of Timeigho {vorpal, rC- Int+3 Dex+3}
   (You found it on level 7 of the Dungeon)

   It inflicts extra damage upon your enemies.
   It affects your intelligence (+3).
   It affects your dexterity (+3).
   It makes you vulnerable to cold.
 X - a +0 glaive
Missiles
 B - 61 poisoned darts (quivered)
 L - 2 throwing nets
Armour
 l - a +0 pair of gloves (worn)
 w - a +2 ring mail of cold resistance (worn)
 E - a +0 helmet (worn)
Jewellery
 j - an uncursed ring of wizardry
 m - an amulet of regeneration (around neck)
 t - a ring of poison resistance (right hand)
 C - an uncursed ring of fire
 M - a +6 ring of strength (left hand)
 P - an uncursed ring of positive energy
 W - an uncursed ring of ice
Wands
 g - a wand of digging (18)
 q - a wand of clouds (7)
 K - a wand of disintegration (16)
 O - a wand of flame (38)
 U - a wand of polymorph (7)
 V - a wand of acid (7)
Scrolls
 c - 3 scrolls of fog
 d - 6 scrolls of magic mapping
 e - 2 scrolls of fear
 i - 8 scrolls of teleportation
 v - 6 scrolls of remove curse
 y - 3 scrolls of enchant armour
 z - a scroll of identify
 J - 2 scrolls of blinking
 R - 2 scrolls of immolation
 S - 2 scrolls of enchant weapon
Potions
 b - a potion of flight
 f - 4 potions of haste
 h - a potion of magic
 k - 7 potions of curing
 n - a potion of resistance
 r - 3 potions of brilliance
 u - 4 potions of stabbing
 D - 2 potions of might
 F - 2 potions of invisibility
 H - 2 potions of cancellation
 I - 2 potions of mutation
 N - a potion of ambrosia
 Y - a potion of lignification
 Z - a potion of heal wounds
Miscellaneous
 Q - a lightning rod (4/4)


   Skills:
 * Level 11.1 Fighting
   Level 2.1 Maces & Flails
 * Level 12.5 Polearms
 - Level 0.3 Armour
 - Level 10.0 Dodging
 - Level 4.3 Stealth
 + Level 10.3 Invocations
 + Level 5.6 Evocations


You had 12 spell levels left.
You didn't know any spells.
Your spell library contained the following spells:

 Spells                   Type           Power        Failure   Level
 Animate Skeleton         Necr           #.....       38%         1
 Apportation              Tloc           #.....       38%         1
 Corona                   Hex            #......      38%         1
 Magic Dart               Conj           #...         38%         1
 Summon Small Mammal      Summ           #...         38%         1
 Blink                    Tloc           N/A          54%         2
 Call Imp                 Summ           #.......     54%         2
 Corpse Rot               Necr/Air       N/A          54%         2
 Slow                     Hex            #.......     54%         2
 Sublimation of Blood     Necr           #.........   54%         2
 Confusing Touch          Hex            #.......     77%         3
 Conjure Flame            Conj/Fire      #.......     77%         3
 Gell's Gravitas          Tloc           #.........   77%         3
 Ignite Poison            Fire/Tmut/Pois #.......     77%         3
 Mephitic Cloud           Conj/Pois/Air  #.......     77%         3
 Stone Arrow              Conj/Erth      #.....       77%         3
 Dispel Undead            Necr           #.......     99%         4
 Petrify                  Tmut/Erth      #.......     99%         4
 Agony                    Necr           #.......     100%        5
 Alistair's Intoxication  Tmut/Pois      #........    100%        5
 Excruciating Wounds      Necr           #.........   100%        5
 Irradiate                Conj/Tmut      #.........   100%        5
 Metabolic Englaciation   Hex/Ice        #.........   100%        5
 Summon Forest            Summ/Tloc      #.........   100%        5
 Yara's Violent Unravell  Hex/Tmut       #.........   100%        5
 Eringya's Noxious Bog    Tmut/Pois      #.........   100%        6
 Hydra Form               Tmut           #.........   100%        6
 Summon Hydra             Summ           #.........   100%        7


Dungeon Overview and Level Annotations

Branches:
Dungeon (10/15)            Temple (0/1) D:5            Lair (6/6) D:10
  Swamp (0/4) Lair:3       Spider (0/4) Lair:3        Slime (0/5) Lair:6
    Orc (0/2) D:9

Altars:
Cheibriados
Hepliaklqana
Kikubaaqudgha
Makhleb
Sif Muna
Trog
Uskayaw
Wu Jian
Yredelemnul

Annotations:
D:5 2 runed translucent doors, voshxx's ghost, novice GrFi
D:8 Erica
Lair:5 exclusion: 2 oklob plants


Innate Abilities, Weirdness & Mutations

You are completely covered in rugged brown scales. (AC +3, +7% HP)
You have supernaturally acute eyesight. (SInv)
Armour fits poorly on your strangely shaped body.
You can roll at foes to attack.
You have a long armoured tail.


Message History

The deep troll shaman is engulfed in calcifying dust.
The deep troll shaman is moving more slowly.
The deep troll shaman misses you.
The deep troll shaman closely misses you.
The deep troll shaman barely misses you.
Your orc skeleton hits the plant but does no damage.
The catoblepas breathes a plume of calcifying dust at you.
The blast of calcifying dust hits the dire elephant.
The blast of calcifying dust hits you! Yredelemnul mirrors your injury!
The catoblepas is moderately wounded.
You can no longer enslave living souls.
Your flying skull completely misses the deep troll shaman.
Your flying skull is engulfed in calcifying dust.
Your flying skull stops moving altogether!
The dire elephant is engulfed in calcifying dust.
The dire elephant is moving more slowly.
The dire elephant tramples you!!!
You die...
Your body rises from the dead as a mindless zombie. ### #.### ##.VP######## #.zzz@zW....# #P.PTY##..... ##ZZYYV#

... ##Z#....#
. ##ZZ#......#
##ZZ##.......
#P.Z#....#..8.
#...#....##...
#...# ..## .


You could see a dire elephant (petrifying), a death yak, a catoblepas, a deep
troll shaman (petrifying), a friendly phantasmal warrior, 2 friendly vampires, 3
friendly flying skulls, a friendly wight, a friendly four-headed hydra zombie, a
friendly elephant zombie, a friendly cane toad zombie, a friendly black bear
zombie, a friendly rime drake zombie, a friendly orc skeleton and a friendly
human skeleton.

Vanquished Creatures
  Fannar (Lair:3)
  4 hydras
  A two-headed ogre (D:8)
  2 death yaks (Lair:6)
  Pikel (D:4)
  22 elephants
  2 black mambas
  2 rime drakes
  6 cane toads
  4 komodo dragons
  Maggie (D:8)
  3 trolls
  3 polar bears
  A hornet (D:9)
  5 hippogriffs
  Grinder (D:4)
  20 blink frogs
  3 spriggans
  5 yaks (Lair:3)
  A wyvern (D:6)
  A two-headed ogre zombie (D:9)
  10 water moccasins
  3 porcupines
  An orc warrior (D:8)
  4 black bears
  A hornet zombie (D:8)
  2 sky beasts
  2 phantoms (D:8)
  5 necrophages
  2 ice beasts
  An ogre (D:9)
  7 wolves
  A lemure (D:4)
  A centaur (D:8)
  13 crocodiles
  3 big kobolds (D:4)
  11 bullfrogs
  A water moccasin skeleton (D:9)
  8 scorpions
  A troll zombie (D:9)
  3 killer bees (D:10)
  3 howler monkeys
  A quasit (D:10)
  2 centaur zombies
  5 orc priests
  9 hounds
  5 jellies
  4 orc wizards
  2 centaur skeletons
  A bullfrog skeleton (D:10)
  3 iguanas
  8 worker ants
  Ijyb (D:4)
  3 ogre zombies (D:9)
  2 howler monkey zombies
  Robin (D:4)
  A worker ant zombie (D:7)
  17 gnolls
  9 adders
  A howler monkey skeleton (D:7)
  A shadow imp (D:5)
  2 white imps
  An ufetubus (D:8)
  An adder skeleton (D:8)
  2 adder zombies
  3 worms
  2 dart slugs
  A leopard gecko (D:4)
  18 orcs
  4 ball pythons
  5 giant cockroaches
  36 goblins
  32 hobgoblins
  3 jackals
  5 quokkas
  6 bats
  4 frilled lizards
  A goblin skeleton (D:9)
  A hobgoblin skeleton (D:9)
  A hobgoblin zombie (D:9)
  7 kobolds
  3 orc skeletons (D:9)
  14 orc zombies (D:9)
  3 quokka skeletons
  4 rats
  A fungus (Lair:6)
408 creatures vanquished.

Vanquished Creatures (collateral kills)
  A dire elephant (Lair:3)
  3 hydras
  Harold (Lair:2)
  A black mamba (Lair:6)
  6 elephants
  A cane toad (Lair:4)
  3 komodo dragons
  3 rime drakes
  Prince Ribbit (D:9)
  15 blink frogs
  A hippogriff (D:10)
  A shadow (D:9)
  3 basilisks
  2 yaks
  A wraith (D:9)
  6 water moccasins
  An ice beast (D:9)
  A hornet zombie (D:10)
  An ogre (D:10)
  A necrophage (Lair:4)
  2 wolves
  2 crocodiles
  A big kobold (D:10)
  3 bullfrogs
  A troll zombie (D:9)
  2 killer bees (D:10)
  An orc priest (D:9)
  2 jellies (Lair:6)
  An iguana (D:10)
  2 worker ants (Lair:3)
  2 ogre zombies (D:9)
  An adder (D:9)
  An ooze (Lair:6)
  An orc (D:9)
  4 goblins (D:4)
  2 hobgoblins (D:4)
  2 jackals (D:10)
  2 goblin skeletons (D:9)
  A goblin zombie (D:9)
  A hobgoblin zombie (D:9)
  3 kobolds
  An orc zombie (D:9)
  21 fungi
  16 plants
128 creatures vanquished.

Vanquished Creatures (others)
  A blink frog (Lair:6)
  A wraith (Lair:6)
  3 vampires
  2 wights (D:9)
  A death yak zombie (Lair:6)
  A black mamba zombie (Lair:6)
  A hydra zombie (Lair:3)
  A mummy (D:4)
  3 cane toad zombies
  5 wolf zombies
  8 blink frog zombies
  8 elephant zombies
  A hippogriff zombie (Lair:3)
  4 water moccasin zombies
  3 yak zombies (Lair:3)
  10 elephant skeletons (Lair:3)
  2 elf skeletons (Lair:6)
  4 crocodile zombies
  4 bullfrog zombies
  A dwarf skeleton (Lair:6)
  2 giant cockroach zombies (Lair:3)
  A necrophage skeleton (Lair:4)
  An orc skeleton (Lair:6)
  A porcupine zombie (Lair:4)
  A worker ant zombie (Lair:3)
  67 fungi
  27 plants
164 creatures vanquished.

Grand Total: 700 creatures vanquished

Notes
Turn   | Place    | Note
-------+----------+-------------------------------------------
     0 | D:5      | MrRokkomies the Palentonga Delver began the quest for the
                  | Orb.
     0 | D:5      | Reached XP level 1. HP: 19/19 MP: 1/1
    80 | D:5      | Reached XP level 2. HP: 9/25 MP: 2/2
   618 | D:5      | Found a basalt altar of Yredelemnul.
   627 | D:5      | Became a worshipper of Yredelemnul the Dark
   634 | D:5      | Found a runed translucent door.
   639 | D:5      | Noticed voshxx's ghost (novice GrFi)
   639 | D:5      | Noticed a howler monkey
   650 | D:5      | Killed a howler monkey
   650 | D:5      | Reached XP level 3. HP: 25/31 MP: 3/3
   669 | D:5      | Reached XP level 4. HP: 24/37 MP: 4/4
   817 | D:5      | Found a runed translucent door.
   832 | D:4      | Noticed Robin
   989 | D:3      | Reached skill level 1 in Polearms
  1286 | D:2      | Reached XP level 5. HP: 40/43 MP: 5/5
  1312 | D:3      | Reached * piety under Yredelemnul
  1369 | D:2      | Reached skill level 2 in Polearms
  2693 | D:3      | Reached ** piety under Yredelemnul
  2781 | D:4      | Reached XP level 6. HP: 45/51 MP: 6/6
  2908 | D:4      | Reached skill level 1 in Invocations
  3076 | D:4      | Found a shimmering blue altar of Sif Muna.
  3092 | D:4      | Reached skill level 3 in Polearms
  3320 | D:4      | Noticed Ijyb
  3361 | D:4      | Killed Ijyb
  3447 | D:4      | Noticed Pikel
  3524 | D:4      | Noticed Grinder
  3588 | D:5      | Reached XP level 7. HP: 51/58 MP: 8/8
  3681 | D:5      | Found a staircase to the Ecumenical Temple.
  3687 | D:5      | Reached skill level 5 in Fighting
  4004 | D:5      | You fall into a shaft and drop 1 floor!
  4142 | D:6      | Reached *** piety under Yredelemnul
  4222 | D:6      | Found a burning altar of Makhleb.
  4311 | D:6      | Got a crude halberd
  4312 | D:6      | Identified the +1 halberd of the Scavenger {speed, +Blink
                  | rN+ Str+6} (You found it on level 6 of the Dungeon)
  4349 | D:6      | Reached skill level 4 in Polearms
  4374 | D:6      | Noticed a wyvern
  4384 | D:6      | Killed a wyvern
  4480 | D:6      | Reached XP level 8. HP: 68/68 MP: 10/10
  5029 | D:7      | Reached skill level 5 in Polearms
  5283 | D:7      | Found a hazy altar of Hepliaklqana.
  5290 | D:7      | Got a twisted spear
  5291 | D:7      | Identified the +6 spear of Timeigho {vorpal, rC- Int+3
                  | Dex+3} (You found it on level 7 of the Dungeon)
  5293 | D:7      | Found an ornate altar of the Wu Jian Council.
  5295 | D:7      | Found an ancient bone altar of Kikubaaqudgha.
  5316 | D:7      | Found a hide-covered altar of Uskayaw.
  5618 | D:8      | Noticed a hippogriff
  5628 | D:8      | Killed a hippogriff
  5958 | D:8      | Noticed a two-headed ogre
  5981 | D:8      | Killed a two-headed ogre
  5981 | D:8      | Reached skill level 6 in Polearms
  5981 | D:8      | Reached XP level 9. HP: 45/77 MP: 12/12
  6064 | D:8      | Noticed Maggie
  6075 | D:8      | Killed Maggie
  6138 | D:8      | Reached skill level 5 in Invocations
  6248 | D:8      | Found a bloodstained altar of Trog.
  6308 | D:8      | Reached skill level 7 in Polearms
  6345 | D:8      | Noticed Erica
  6697 | D:4      | Killed Robin
  6806 | D:4      | Paralysed by Grinder for 6 turns
  6815 | D:4      | Killed Grinder
  7083 | D:4      | Killed Pikel
  7083 | D:4      | Reached XP level 10. HP: 62/87 MP: 14/14
  7279 | D:4      | Reached **** piety under Yredelemnul
  7279 | D:4      | Reached skill level 5 in Dodging
  7279 | D:4      | Received a gift from Yredelemnul (a mummy)
  7522 | D:4      | Received a gift from Yredelemnul (a wight)
  8055 | D:9      | Received a gift from Yredelemnul (a wight)
  8126 | D:9      | Reached skill level 8 in Polearms
  8139 | D:9      | Received a gift from Yredelemnul (a wight)
  8169 | D:9      | Found a staircase to the Orcish Mines.
  8442 | D:9      | Noticed Prince Ribbit
  8446 | D:9      | Reached ***** piety under Yredelemnul
  8451 | D:9      | Killed Prince Ribbit
  8456 | D:9      | Received a gift from Yredelemnul (a vampire)
  8918 | D:10     | Entered Level 10 of the Dungeon
  9101 | D:10     | Reached skill level 10 in Fighting
  9300 | D:10     | Received a gift from Yredelemnul (3 flying skulls)
  9300 | D:10     | Reached XP level 11. HP: 25/96 MP: 16/16
  9427 | D:10     | Found a staircase to the Lair.
  9605 | D:10     | Reached skill level 9 in Polearms
  9711 | D:10     | Received a gift from Yredelemnul (a wight)
  9887 | Lair:1   | Entered Level 1 of the Lair of Beasts
 10258 | Lair:1   | Noticed a seven-headed hydra
 10265 | Lair:1   | Killed a seven-headed hydra
 10481 | Lair:1   | Noticed a five-headed hydra
 10489 | Lair:1   | Killed a five-headed hydra
 11238 | Lair:2   | Noticed a six-headed hydra
 11355 | Lair:2   | Killed a six-headed hydra
 11355 | Lair:2   | Reached skill level 10 in Polearms
 11476 | Lair:2   | Reached skill level 1 in Evocations
 11840 | Lair:2   | Noticed Harold
 11856 | Lair:2   | Killed Harold
 12264 | Lair:3   | Reached XP level 12. HP: 85/107 MP: 18/18
 12441 | Lair:3   | Noticed a seven-headed hydra
 12448 | Lair:3   | Killed a seven-headed hydra
 12448 | Lair:3   | Received a gift from Yredelemnul (a vampire)
 12498 | Lair:3   | Found a hole to the Spider Nest.
 12749 | Lair:3   | Noticed a six-headed hydra
 12761 | Lair:3   | Killed a six-headed hydra
 12764 | Lair:3   | Noticed a seven-headed hydra
 12773 | Lair:3   | Killed a seven-headed hydra
 12796 | Lair:3   | Found a staircase to the Swamp.
 12937 | Lair:3   | Noticed Fannar
 12947 | Lair:3   | Reached skill level 11 in Polearms
 12947 | Lair:3   | Received a gift from Yredelemnul (a vampire)
 13195 | Lair:3   | Received a gift from Yredelemnul (a vampire)
 13284 | Lair:3   | Noticed a dire elephant
 13295 | Lair:3   | Killed a dire elephant
 13571 | Lair:3   | Killed Fannar
 13873 | Lair:4   | Reached XP level 13. HP: 109/113 MP: 20/20
 14920 | Lair:4   | Received a gift from Yredelemnul (a phantasmal warrior)
 15201 | Lair:5   | Reached skill level 12 in Polearms
 15395 | Lair:5   | Found a snail-covered altar of Cheibriados.
 15575 | Lair:5   | Reached skill level 5 in Evocations
 15716 | Lair:5   | Reached skill level 10 in Invocations
 15846 | Lair:5   | Received a gift from Yredelemnul (a vampire)
 16258 | Lair:6   | Entered Level 6 of the Lair of Beasts
 16312 | Lair:6   | Found a staircase to the Slime Pits.
 16485 | Lair:6   | Received a gift from Yredelemnul (a wraith)
 17116 | Lair:6   | Reached skill level 10 in Dodging
 17121 | Lair:6   | Noticed a dire elephant
 17133 | Lair:6   | Slain by a dire elephant

Illustrated notes

Levels and vault maps discovered:
D:1:      evilmike_arrival_rings, layout_rooms
D:2:      layout_loops_ring
D:3:      layout_rooms
D:4:      minmay_goblin_kobold_castle, layout_layer_cave,
          nicolae_overflow_crystal_walls, minmay_splitting_lines, uniq_grinder,
          uniq_pikel, uniq_robin, uniq_ijyb
D:5:      layout_loops_ring, lemuel_round_altar, minmay_temple_entry_mini_moons,
          ebering_ghost_sewer_f
D:6:      layout_basic, makhleb_heckhound_becter
D:7:      layout_cave_pools, gammafunk_temple_overflow_forgotten,
          eat_drink_and_be_merry_uskayaw
D:8:      layout_basic, bloody_trog, uniq_erica, uniq_maggie
D:9:      layout_loops_ring, zombieorc2_lemuel, uniq_prince_ribbit1
D:10:     layout_stronghold, david_lair_generic, the_bakery
Lair:1:   layout_gridlike, st_stairs_13
Lair:2:   layout_regular_city, columned_hall_lemuel,
          grunt_forest_large_clearing_hut, grunt_megastairs_1,
          serial_bayou_shore_b, uniq_harold
Lair:3:   mu_elephants_graveyard, layout_chaotic_city, palyth_hydra_swamp_entry,
          nicolae_spider_entry_non_spiders, beast_lair_carwin_9, uniq_fannar
Lair:4:   layout_regular_city, roderic_carrion_pond
Lair:5:   layout_cave_pods, lemuel_oklob_altar
Lair:6:   grunt_lair_end_beastmaster, layout_loops_ring,
          nicolae_slime_entry_slimehenge

Skill      XL: |  1  2  3  4  5  6  7  8  9 10 11 12 13 |
---------------+----------------------------------------+-----
Stealth        | 4 |  4.3
Polearms       | 1 2 3 4 6 7 8 10 11 12 | 12.5
Dodging        | 2 3 4 5 7 8 10 | 10.0
Fighting       | 4 5 7 8 10 11 | 11.1
Invocations    | 1 2 4 5 6 8 9 10 | 10.3
Evocations     | 2 4 5 |  5.6
Maces & Flails | |  2.1
Armour         | |  0.3

Action                   |  1- 3 |  4- 6 |  7- 9 | 10-12 | 13-15 || total
-------------------------+-------+-------+-------+-------+-------++-------
Melee: Trident           |    16 |   256 |    57 |       |       ||   329
       Tailslap          |     3 |    20 |    34 |   143 |    43 ||   243
       Halberd           |       |       |   263 |   692 |   318 ||  1273
       Spear             |       |       |       |    19 |     4 ||    23
Throw: Dart              |       |       |     4 |       |       ||     4
Invok: Injury Mirror     |       |       |     1 |     2 |     1 ||     4
       Recall Undead Sla |       |       |       |     2 |     1 ||     3
       Animate Dead      |       |       |       |    18 |    16 ||    34
       Drain Life        |       |       |       |     1 |       ||     1
 Abil: Rolling Charge    |       |     3 |       |       |       ||     3
Evoke: Phantom mirror    |       |       |       |     1 |       ||     1
       Wand              |       |       |       |     3 |       ||     3
  Use: Scroll            |       |    10 |     4 |    14 |     4 ||    32
       Potion            |       |       |     1 |     2 |       ||     3
 Stab: Sleeping          |     1 |     9 |     5 |     3 |     3 ||    21
       Distracted        |     1 |       |     1 |    10 |     2 ||    14
Armor: Leather armour    |     5 |    17 |       |       |       ||    22
       Ring mail         |       |    91 |    75 |   196 |    57 ||   419
Dodge: Dodged            |     9 |   117 |   101 |   281 |   133 ||   641

Table legend: (Time is in decaauts)
 A = Elapsed time spent in this place.
 B = Non-inter-level travel time spent in this place.
 C = Inter-level travel time spent in this place.
 D = Time resting spent in this place.
 E = Time spent auto-exploring this place.
 F = Levels seen in this place.
 G = Mean time per level.
                   A        B        C        D        E       F      G
               +--------+--------+--------+--------+--------+-----+--------+
         Total |  16810 |  16231 |    579 |   2842 |   9863 |  16 | 1050.6 |
       Dungeon |   9824 |   9374 |    450 |   1631 |   5543 |  10 |  982.4 |
          Lair |   6986 |   6858 |    128 |   1211 |   4319 |   6 | 1164.3 |
               +--------+--------+--------+--------+--------+-----+--------+

Top non-repeatable levels by time:
     D:4: 1803 daAuts
  Lair:3: 1612 daAuts
     D:5: 1424 daAuts
  Lair:4: 1372 daAuts
     D:8: 1163 daAuts
  Lair:2: 1162 daAuts
  Lair:5: 1066 daAuts
  Lair:1: 961 daAuts
    D:10: 941 daAuts
     D:6: 911 daAuts
     D:9: 902 daAuts
  Lair:6: 811 daAuts
     D:3: 743 daAuts
     D:2: 741 daAuts
     D:7: 697 daAuts
